 Dungeon Crawl Stone Soup version 0.31.0-32-g396128a36d (webtiles) character file.

Game seed: 14616413578214265907

6458 mainiacjoe the Geomancer (level 10, -6/56 HPs)
             Began as an Octopode Earth Elementalist on Mar 30, 2024.
             Was an Elder of Sif Muna.
             Mangled by a hornet (11 damage)
             ... on level 9 of the Dungeon.
             The game lasted 00:29:34 (9876 turns).

mainiacjoe the Geomancer (OpEE)                     Turns: 9876, Time: 00:29:34

Health: -6/56      AC:  1    Str:  8 (9)  XL:     10   Next: 99%
Magic:  23/26      EV: 14    Int: 20 (21) God:    Sif Muna [****..]
Gold:   529        SH:  0    Dex: 17 (18) Spells: 5/19 levels left

rFire   . . .        f - +10 whip of the Ship {freeze, *Noise rPois rC+}
rCold   + . .        (no shield)
rNeg    . . .        (helmet restricted)
rPois   +            (no amulet)
rElec   .            k - ring of willpower
rCorr   .            n - +6 ring of dexterity
SInv    +            w - ring of magical power
Will    +....        y - ring of see invisible
Stlth   ++++         (no ring)
HPRegen 0.29/turn    (no ring)
MPRegen 0.20/turn    (no ring)
                     (no ring)

%: no passive effects
@: lethally poisoned (-6 -> -20), hasted and slowed
A: almost no armour, amphibious, 8 rings, camouflage 1, gelatinous body 1,
(nimble swimmer 1), tentacles
a: Renounce Religion, Channel Magic, Forget Spell, Divine Exegesis


You were on level 9 of the Dungeon.
You worshipped Sif Muna.
Sif Muna was greatly pleased with you.
You visited 2 branches of the dungeon, and saw 10 of its levels.
You also visited: Sewer and Bailey.

You collected 529 gold pieces.

Inventory:

Hand Weapons
 b - a +0 shortbow
 f - the +10 whip of the Ship (weapon) {freeze, *Noise rPois rC+}
   (You found it on level 3 of the Dungeon)

   rC+:       It protects you from cold.
   rPois:     It protects you from poison *Noise: It may make a loud noise when
   swung.
 x - the +7 spear of Sool {chaos, rElec rPois Int+5 Dex-5}
   (You found it on level 6 of the Dungeon)

   Int+5:     It affects your intelligence (+5).
   Dex-5:     It affects your dexterity (-5).
   rElec:     It insulates you from electricity.
   rPois:     It protects you from poison
 G - a +0 sling
Missiles
 d - 107 stones
 q - 4 atropa-tipped darts {=F}
 t - 16 boomerangs
 z - 21 poisoned darts
 B - 11 curare-tipped darts {=F}
 D - 4 datura-tipped darts {=F}
Magical Staves
 a - a staff of conjuration {!a}
Jewellery
 e - a ring of fire
 k - a ring of willpower (left tentacle)
 n - a +6 ring of dexterity (right tentacle)
 w - a ring of magical power (on tentacle)
 y - a ring of see invisible (on tentacle)
Wands
 j - a wand of roots (11)
 F - a wand of polymorph (19)
Scrolls
 i - 3 scrolls of teleportation
 l - 2 scrolls of immolation
 m - a scroll of silence
 r - a scroll of vulnerability
 s - a scroll of blinking
 u - 2 scrolls of poison
 C - 2 scrolls of fear
Potions
 c - 2 potions of lignification
 g - a potion of invisibility
 h - a potion of magic
 o - 2 potions of might
 p - a potion of brilliance
 v - a potion of enlightenment
 E - 2 potions of mutation
 H - 2 potions of ambrosia


   Skills:
 - Level 3.1 Dodging
 - Level 4.3 Stealth
 - Level 5.0 Spellcasting
 + Level 10.6 Conjurations
 + Level 10.6 Earth Magic
 + Level 3.8 Invocations


You had 5 spell levels left.
You knew the following spells:

 Your Spells              Type           Power      Damage    Failure   Level
a - Sandblast             Erth           94%        2d19      1%          1
b - Stone Arrow           Conj/Erth      94%        3d12      1%          3
c - Brom's Barrelling Bo  Conj/Erth      47%        2d6       1%          4
d - Bombard               Conj/Erth      23%        9d4       22%         6

Your spell library contained the following spells:

 Spells                   Type           Power      Damage    Failure   Level
 Passwall                 Erth           47%        N/A       1%          3
 Dazzling Flash           Conj/Hex       52%        N/A       3%          3
 Hailstorm                Conj/Ice       26%        3d7       3%          3
 Freeze                   Ice            20%        1d4       12%         1
 Flame Wave               Conj/Fire      26%        2d8       13%         4
 Petrify                  Alch/Erth      26%        N/A       13%         4
 Frozen Ramparts          Ice            10%        1d2       34%         3
 Inner Flame              Hex/Fire       5%         N/A       34%         3
 Volatile Blastmotes      Fire/Tloc      10%        2d10      34%         3
 Sticky Flame             Fire/Alch      5%         2d4       75%         4
 Vhi's Electric Charge    Tloc/Air       10%        N/A       75%         4
 Starburst                Conj/Fire      13%        6d5       89%         6
 Maxwell's Capacitive Co  Air            2%         ∞         100%        8


Dungeon Overview and Level Annotations

Branches:
Dungeon (9/15)             Temple (1/1) D:4           Sewer (visited)
 Bailey (visited)
   Lair: D:8-11         Orc: D:9-12

Altars:
Ashenzari
Cheibriados
Dithmenos
Elyvilon
Gozag
Hepliaklqana
Makhleb
Nemelex Xobeh
Okawaru
Ru
Sif Muna
Trog
Vehumet
Wu Jian
Xom
Zin
The Shining One


Innate Abilities, Weirdness & Mutations

You cannot wear most types of armour.
You are amphibious.
You can wear up to eight rings at the same time.
Your skin changes colour to match your surroundings (Stealth+).
Your rubbery body absorbs attacks. (AC +1, EV +1)
((You are camouflaged when in or above water. (Stealth+)))
You have tentacles for arms and can constrict up to eight enemies at once.


Message History

The orc priest calls down the wrath of Beogh upon you.
You easily resist.
Casting: Stone Arrow (safe; 1% risk of failure)
Confirm with . or Enter, or press ? or * to list all spells.
Aiming: Sandblast (safe; 1% risk of failure)
Press: ? - help, Shift-Dir - straight line, f/p - orc priest
Aim: an orc priest, wielding a +0 mace (heavily wounded, 85% to hit)
The blast of sand misses the orc priest.
The orc priest miscasts a cantrip.
The +10 whip of the Ship {freeze, *Noise rPois rC+} glows with a cold blue light!
f - the +10 whip of the Ship (weapon)
{freeze, *Noise rPois rC+} You whack the hornet!
You freeze the hornet. Your grab misses the hornet.
The hornet is moderately wounded.
The hornet stings you!
You are poisoned.
You feel yourself slow down.
An orc comes into view. It is wielding a +0 hand axe.
The hornet misses you.
Casting: Sandblast (safe; 1% risk of failure)
Confirm with . or Enter, or press ? or * to list all spells.
Aiming: Stone Arrow (safe; 1% risk of failure)
Press: ? - help, Shift-Dir - straight line, f/p - orc priest
Aim: an orc priest, wielding a +0 mace (heavily wounded, 76% to hit)
The stone arrow hits the hornet!
The hornet is almost dead.
You feel very sick. The hornet stings you!
You are more poisoned.
You feel as though you will be slow longer.
The hornet stings you!
You feel as though you will be slow longer.
An orc comes into view. It is wielding a +0 mace.
The orc priest mumbles some strange prayers to Beogh against you.
Beogh smites you!
* * * LOW HITPOINT WARNING * * *
It was a potion of haste.
You feel yourself speed up.
* * * LOW HITPOINT WARNING * * *
You feel very sick. The hornet stings you!
You die...

.... ######## #..#
##...#..####..##
#.........#....#
#.........#....#
##..###.####..#
##..###.####.o######
........#...@y......
........'...........
........#........o.o
........#...........
##..###'####..##..##
#####..####### ..#
#.........+ .#
#.........# ..#
#####........# ..#


You could see a hornet, an orc priest and 2 orcs.

Vanquished Creatures
  A two-headed ogre (D:6)
  An orc knight (Bailey)
  Maurice (D:7)
  Psyche (D:8)
  Sigmund (D:6)
  2 wyverns
  Eustachio (D:5)
  2 water moccasins
  8 orc warriors
  A black bear (D:6)
  2 ice beasts
  4 ogres
  2 centaurs (D:8)
  A phantom (D:4)
  8 kobold brigands (Bailey)
  Blork the orc (D:6)
  4 bullfrogs
  4 scorpions
  6 killer bees (D:8)
  3 bombardier beetles
  A hound (D:6)
  2 jellies (D:7)
  7 orc priests
  Natasha (thrice) (D:3)
  5 iguanas
  6 orc wizards
  Ijyb (D:3)
  Terence (D:3)
  10 adders
  3 gnolls (D:8)
  3 shadow imps (D:7)
  3 white imps
  8 dart slugs
  2 ribbon worms
  22 orcs
  13 ball pythons
  21 endoplasms
  13 giant cockroaches
  4 goblins
  11 hobgoblins
  4 jackals (D:4)
  13 kobolds
  2 quokkas
  5 bats
  7 frilled lizards
  4 rats
228 creatures vanquished.

Vanquished Creatures (collateral kills)
  An orc (D:6)
  12 boulders
13 creatures vanquished.

Vanquished Creatures (others)
  8 boulders
8 creatures vanquished.

Grand Total: 249 creatures vanquished

Notes
Turn   | Place    | Note
-------+----------+-------------------------------------------
     0 | D:1      | mainiacjoe the Octopode Earth Elementalist began the quest
                  | for the Orb.
     0 | D:1      | Reached XP level 1. HP: 11/11 MP: 3/3
   330 | D:1      | Reached XP level 2. HP: 17/17 MP: 1/5
   972 | D:1      | Reached XP level 3. HP: 21/21 MP: 4/6
   976 | D:1      | Learned a level 3 spell: Stone Arrow
  1315 | D:2      | Found a sparkling altar of Nemelex Xobeh.
  1789 | D:3      | Identified the +10 whip of the Ship {freeze, *Noise rPois
                  | rC+}
  1882 | D:3      | Noticed Ijyb
  1947 | D:3      | Got the Meditations on Transportation and Combat Magic
  2038 | D:3      | Killed Ijyb
  2039 | D:3      | Reached XP level 4. HP: 14/27 MP: 0/7
  2066 | D:3      | Noticed Natasha
  2075 | D:3      | Killed Natasha
  2096 | D:3      | Noticed Natasha
  2100 | D:3      | Killed Natasha
  2101 | D:3      | Reached XP level 5. HP: 30/31 MP: 1/8
  2160 | D:3      | Noticed Natasha
  2164 | D:3      | Killed Natasha
  2313 | D:3      | Noticed Terence
  2317 | D:3      | Killed Terence
  2474 | D:3      | Found a faded altar of an unknown god.
  2562 | D:3      | Prayed at the altar of an unknown god.
  2562 | D:3      | Became a worshipper of Sif Muna the Loreminder
  2562 | D:3      | Reached * piety under Sif Muna
  2867 | D:4      | Noticed a phantom
  2877 | D:4      | Killed a phantom
  2878 | D:4      | Reached XP level 6. HP: 15/36 MP: 6/10
  2963 | D:4      | Learned a level 4 spell: Brom's Barrelling Boulder
  3252 | D:4      | Reached skill level 5 in Earth Magic
  3335 | D:4      | Reached XP level 7. HP: 41/41 MP: 4/11
  3530 | D:4      | Found a staircase to the Ecumenical Temple.
  3540 | Temple   | Entered the Ecumenical Temple
  3565 | D:5      | Entered Level 5 of the Dungeon
  3565 | D:5      | Noticed Eustachio
  3569 | D:5      | Killed Eustachio
  3960 | D:5      | Reached XP level 8. HP: 46/46 MP: 7/14
  4070 | D:5      | Found a radiant altar of Vehumet.
  4109 | D:5      | Reached ** piety under Sif Muna
  4335 | D:5      | Noticed a wyvern
  4338 | D:5      | Killed a wyvern
  4498 | D:6      | Noticed Sigmund
  4688 | D:6      | Killed Sigmund
  4694 | D:6      | Found Riusatut's Jewellery Emporium.
  4706 | D:6      | Reached skill level 5 in Conjurations
  4706 | D:6      | Reached XP level 9. HP: 28/51 MP: 1/15
  4720 | D:6      | Noticed Blork the orc
  4724 | D:6      | Killed Blork the orc
  4923 | D:6      | Found a glowing drain.
  4996 | Sewer    | Entered a sewer
  5193 | Sewer    | Reached *** piety under Sif Muna
  5368 | Sewer    | Reached skill level 5 in Spellcasting
  5568 | D:6      | Noticed a two-headed ogre
  5576 | D:6      | Killed a two-headed ogre
  6048 | D:6      | Identified the +7 spear of Sool {chaos, rElec rPois Int+5
                  | Dex-5}
  6344 | D:7      | Noticed Maurice
  6434 | D:7      | Found a burning altar of Makhleb.
  6436 | D:7      | Found a glowing silver altar of Zin.
  6436 | D:7      | Noticed an angel
  6436 | D:7      | Noticed a green death
  6648 | D:7      | Found a flagged portal.
  6704 | Bailey   | Entered a bailey
  6835 | Bailey   | Reached XP level 10. HP: 56/56 MP: 17/17
  6893 | Bailey   | Noticed an orc knight
  6932 | Bailey   | Killed an orc knight
  6932 | Bailey   | Reached **** piety under Sif Muna
  6933 | Bailey   | Reached skill level 10 in Earth Magic
  7411 | Bailey   | Found an iron altar of Okawaru.
  7704 | D:7      | Noticed an oklob plant
  7725 | D:7      | Reached skill level 10 in Conjurations
  7734 | D:7      | Learned a level 6 spell: Bombard
  8119 | D:7      | Killed Maurice
  8120 | D:7      | Reached skill level 1 in Invocations
  8791 | D:8      | Noticed Psyche
  8794 | D:8      | Killed Psyche
  9876 | D:9      | Mangled by a hornet

Illustrated notes

Levels and vault maps discovered:
D:1:      mrwooster_arrival_statue, layout_basic, serial_forest,
          infiniplex_forest_clump_C, infiniplex_forest_lined_1,
          infiniplex_forest_3_way, infiniplex_forest_clump_diagonal,
          infiniplex_forest_end_3
D:2:      layout_basic, basic_altar
D:3:      layout_rooms, nicolae_ecumenical_pavilion, uniq_terence, uniq_ijyb,
          uniq_natasha
D:4:      layout_basic, temple_statues
D:5:      layout_basic, nicolae_vehumet_altar_sigil, uniq_eustachio
D:6:      layout_loops_ring, portal_sewer_entry_f, nicolae_inconvenience_store,
          uniq_blork_the_orc, uniq_sigmund
D:7:      lemuel_slime, layout_loops_ring,
          grunt_temple_overflow_order_and_chaos_2, enter_bailey_2,
          grunt_ministairs_2, uniq_maurice
D:8:      layout_layer_cave, uniq_psyche
D:9:      layout_gridville, grunt_temple_overflow_growth_and_decay
Temple:   nicolae_temple_bog_church

Skill      XL: |  1  2  3  4  5  6  7  8  9 10 |
---------------+-------------------------------+-----
Stealth        | 3 4 |  4.3
Earth Magic    | 4 5 6 8 9 10 | 10.6
Conjurations   | 2 3 4 5 8 10 | 10.6
Dodging        | 3 |  3.1
Spellcasting   | 3 4 5 |  5.0
Invocations    | 3 |  3.8

Action                     |  1- 3 |  4- 6 |  7- 9 | 10-12 || total
---------------------------+-------+-------+-------+-------++-------
  Melee: Whip              |       |    10 |    12 |     6 ||    28
         Tentacles         |       |     1 |     3 |       ||     4
         Constrict         |       |     1 |     1 |     1 ||     3
   Fire: Sling             |    32 |    48 |   104 |    33 ||   217
         Shortbow          |       |       |       |    21 ||    21
  Throw: Dart              |       |       |       |     1 ||     1
   Cast: Sandblast         |    46 |    43 |    39 |    28 ||   156
         Stone Arrow       |     1 |     5 |    45 |    44 ||    95
         Brom's Barrelling |       |       |    12 |    23 ||    35
  Evoke: Wand              |       |       |       |     3 ||     3
    Use: Scroll            |     4 |     1 |     7 |     5 ||    17
         Potion            |       |       |     1 |     4 ||     5
   Stab: Sleeping          |       |       |     2 |       ||     2
 Armour: Skin              |     9 |    19 |    33 |    18 ||    79
  Dodge: Dodged            |     6 |    15 |    34 |    23 ||    78
